 Dungeon Crawl Stone Soup version 0.27-a0-1191-g601b473118 (webtiles) character file.

Game seed: 2196337111413198240

598 Wyvernaa the Cudgeller (level 7, -1/54 HPs)
             Began as a Demonspawn Berserker on May 24, 2021.
             Was a Priest of Trog.
             Slain by a gnoll sergeant
             ... wielding a +0 trident
              (12 damage)
             ... on level 5 of the Dungeon.
             The game lasted 00:12:06 (5771 turns).

Wyvernaa the Cudgeller (Demonspawn Berserker)       Turns: 5771, Time: 00:12:06

Health: -1/54      AC:  4    Str: 18    XL:     7   Next: 17%
Magic:  7/7        EV: 12    Int:  9    God:    Trog [***...]
Gold:   208        SH:  4    Dex: 13    Spells: 6/6 levels left

rFire    + . .     SeeInvis +   a - +0 mace
rCold    + . .     Faith    .   (no shield)
rNeg     . . .     Spirit   .   q - +1 leather armour of Untruth {rF+ Regen+ SInv Stlth+}
rPois    .         Reflect  .   (no helmet)
rElec    .         Harm     .   (no cloak)
rCorr    .         Rampage  .   (no gloves)
Will     ++...                  (no boots)
Stlth    ++........             (no amulet)
HPRegen  2.18/turn              f - ring of protection from cold
MPRegen  0.10/turn              (no ring)

@: strong-willed, on berserk cooldown, regenerating, slowed, very slow
A: large bone plates 1, powered by death 1
a: Renounce Religion, Berserk, Trog's Hand


You were on level 5 of the Dungeon.
You worshipped Trog.
Trog was most pleased with you.
You visited 1 branch of the dungeon, and saw 5 of its levels.

You collected 208 gold pieces.

Inventory:

Hand Weapons
 a - a +0 mace (weapon)
Missiles
 p - a curare-tipped dart
Armour
 m - a +0 scale mail
 o - a +0 chain mail
 q - the +1 leather armour of Untruth (worn) {rF+ Regen+ SInv Stlth+}
   (You took it off a kobold on level 4 of the Dungeon)

   It protects you from fire.
   It lets you see invisible.
   It increases your rate of health regeneration.
   It makes you more stealthy.
Jewellery
 f - a ring of protection from cold (left hand)
 i - a ring of ice
Wands
 e - a wand of digging (7)
 n - a wand of acid (9)
 r - a wand of iceblast (6)
Scrolls
 g - a scroll of vulnerability
 k - 2 scrolls of enchant armour
Potions
 c - 2 potions of lignification {unknown}
 d - 2 potions of heal wounds {unknown}
 h - a potion of attraction {unknown}
 j - a potion of brilliance {unknown}
 l - a potion of haste {unknown}


   Skills:
 + Level 4.1 Fighting
 * Level 5.5 Maces & Flails
 * Level 3.0 Armour
 + Level 3.0 Dodging
 + Level 1.1 Stealth
 + Level 1.4 Shields


You had 6 spell levels left.
You didn't know any spells.
Your spell library was empty.

Dungeon Overview and Level Annotations

Branches:
Dungeon (5/15)             Temple (0/1) D:4

Altars:
Sif Muna
Wu Jian
Zin
The Shining One

Shops:
D:4 :


Innate Abilities, Weirdness & Mutations

You are partially covered in large bone plates. (SH +4)
You regenerate a little health from kills.


Message History

You hit the gnoll sergeant but do no damage.
The gnoll sergeant is moderately wounded.
The gnoll sergeant barely misses you.
You barely miss the gnoll sergeant.
The gnoll sergeant is moderately wounded.
The gnoll shouts!
You completely miss the gnoll sergeant.
The gnoll sergeant is moderately wounded.
The gnoll hits you from afar with a +0 spear!
The gnoll sergeant hits you with a +0 trident!
The gnoll shouts! x2
You thump the gnoll sergeant!
The gnoll sergeant is severely wounded.
You are no longer berserk.
You are exhausted.
You feel yourself slow down.
The gnoll sergeant hits you with a +0 trident!
The gnoll barely misses you.
You barely miss the gnoll sergeant.
The gnoll sergeant is severely wounded.
The gnoll hits you from afar with a +0 spear.
The gnoll sergeant hits you with a +0 trident.
You block the gnoll sergeant's attack. The gnoll misses you.
You barely miss the gnoll sergeant.
The gnoll sergeant is severely wounded.
The gnoll barely misses you. The gnoll sergeant closely misses you.
The gnoll hits you from afar with a +0 spear.
The gnoll sergeant hits you with a +0 trident!
* * * LOW HITPOINT WARNING * * *
You feel better.
The gnoll hits you from afar with a +0 spear.
* * * LOW HITPOINT WARNING * * *
The gnoll sergeant hits you with a +0 trident!
* * * LOW HITPOINT WARNING * * *
Okay, then.
Your skin crawls.
You feel strong-willed. The gnoll hits you but does no damage.
The gnoll sergeant hits you with a +0 trident!
You die...

############
#######[......@g.####
#........#######g##..
###.#####..#
#)g.....# ....# #..#
#..>....# ....# #..#
#.......########
###.# #..#
........#....... #.#
#..# gg..........).#
###.# #..(
........#.###.# ....#
#... .#.......#<# #.#


You could see a gnoll sergeant and 2 gnolls.

Vanquished Creatures
  Menkaure (D:5)
  A centaur (D:5)
  A kobold brigand (D:4)
  2 hounds
  2 jellies
  An iguana (D:5)
  Ijyb (D:4)
  A mummy (D:4)
  3 adders
  A shadow imp (D:5)
  A worm (D:3)
  2 dart slugs
  9 orcs
  11 ball pythons
  7 endoplasms
  2 giant cockroaches
  5 goblins
  5 hobgoblins
  15 jackals
  9 kobolds
  4 quokkas
  5 bats
  4 frilled lizards
  A hobgoblin zombie (D:4)
  A kobold zombie (D:4)
  2 orc zombies (D:4)
  A quokka skeleton (D:4)
  3 rats
101 creatures vanquished.

Notes
Turn   | Place    | Note
-------+----------+-------------------------------------------
     0 | D:1      | Wyvernaa the Demonspawn Berserker began the quest for the
                  | Orb.
     0 | D:1      | Reached XP level 1. HP: 18/18 MP: 1/1
   149 | D:1      | Gained mutation: You are partially covered in large bone
                  | plates. (SH +4) [demonic ancestry]
   149 | D:1      | Reached XP level 2. HP: 24/24 MP: 2/2
   281 | D:1      | Reached skill level 3 in Maces & Flails
  1388 | D:2      | Reached XP level 3. HP: 18/29 MP: 3/3
  1812 | D:2      | Found a faded altar of an unknown god.
  1967 | D:2      | Reached ** piety under Trog
  2959 | D:3      | Gained mutation: You regenerate a little health from kills.
                  | [demonic ancestry]
  2959 | D:3      | Reached XP level 4. HP: 31/35 MP: 4/4
  3312 | D:3      | Reached skill level 4 in Maces & Flails
  4410 | D:4      | Reached XP level 5. HP: 40/42 MP: 5/5
  4533 | D:4      | Reached skill level 1 in Shields
  4562 | D:4      | Identified the +1 leather armour of Untruth {rF+ Regen+
                  | SInv Stlth+}
  4649 | D:4      | Found a staircase to the Ecumenical Temple.
  4760 | D:4      | Found a shimmering blue altar of Sif Muna.
  4819 | D:4      | Found Xaw Ezxi's Book Shoppe.
  4931 | D:4      | Noticed Ijyb
  4951 | D:4      | Killed Ijyb
  4952 | D:4      | Reached XP level 6. HP: 48/48 MP: 6/6
  5075 | D:4      | Reached *** piety under Trog
  5134 | D:4      | Found an ornate altar of the Wu Jian Council.
  5292 | D:4      | Noticed an angel
  5434 | D:5      | Entered Level 5 of the Dungeon
  5443 | D:5      | Reached skill level 5 in Maces & Flails
  5598 | D:5      | Noticed Menkaure
  5605 | D:5      | Killed Menkaure
  5606 | D:5      | Reached skill level 1 in Stealth
  5670 | D:5      | Reached XP level 7. HP: 40/54 MP: 7/7
  5771 | D:5      | Slain by a gnoll sergeant

Illustrated notes

Levels and vault maps discovered:
D:1:      dpeg_arrival_renting, layout_basic
D:2:      layout_basic, hellmonk_ecumenical_altar_prayer_group
D:3:      layout_rooms, lemuel_tele_altar
D:4:      layout_rooms, zin_angel, lemuel_round_altar, general_overflow_altar,
          minmay_temple_entry_mini_moons, serial_shops, shop, serial_curves,
          eino_curves_02, eino_curves_03, minivault_11, minmay_mini_ossuary,
          uniq_ijyb
D:5:      layout_loops_ring, minmay_pentangle, uniq_menkaure

Skill      XL: |  1  2  3  4  5  6  7 |
---------------+----------------------+-----
Maces & Flails | 3 4 5 |  5.5
Dodging        | 2 3 |  3.0
Armour         | 2 3 |  3.0
Shields        | 1 |  1.4
Fighting       | 4 |  4.1
Stealth        | 1 |  1.1

Action                   |  1- 3 |  4- 6 |  7- 9 || total
-------------------------+-------+-------+-------++-------
Melee: Mace              |   141 |   195 |    19 ||   355
Invok: Berserk           |     2 |    11 |     1 ||    14
       Trog's Hand       |       |     1 |     1 ||     2
  Use: Scroll            |     2 |     4 |     1 ||     7
       Potion            |       |     1 |     1 ||     2
 Stab: Sleeping          |     4 |     2 |       ||     6
Armor: Animal skin       |    23 |       |       ||    23
       Scale mail        |       |    27 |       ||    27
       Robe              |       |     7 |       ||     7
       Leather armour    |       |    23 |     1 ||    24
Dodge: Dodged            |    95 |   164 |    11 ||   270
Block: Other             |    26 |    56 |     2 ||    84

Table legend: (Time is in decaauts)
 A = Elapsed time spent in this place.
 B = Non-inter-level travel time spent in this place.
 C = Inter-level travel time spent in this place.
 D = Time resting spent in this place.
 E = Time spent auto-exploring this place.
 F = Levels seen in this place.
 G = Mean time per level.
                   A        B        C        D        E       F      G
               +--------+--------+--------+--------+--------+-----+--------+
         Total |   5956 |   5589 |    367 |   1577 |   2702 |   5 | 1191.2 |
       Dungeon |   5956 |   5589 |    367 |   1577 |   2702 |   5 | 1191.2 |
               +--------+--------+--------+--------+--------+-----+--------+

Top non-repeatable levels by time:
     D:1: 1638 daAuts
     D:4: 1388 daAuts
     D:3: 1304 daAuts
     D:2: 1271 daAuts
     D:5: 354 daAuts
